 Dungeon Crawl Stone Soup version 0.23-a0-539-g3f6f39f (webtiles) character file.

527 Lavandula the Slicer (level 7, -22/36 HPs)
             Began as a Halfling Enchanter on Dec 7, 2018.
             Was a Follower of Hepliaklqana.
             Annihilated by a two-headed ogre
             ... wielding a +0 giant club
              (26 damage)
             ... on level 5 of the Dungeon.
             The game lasted 00:10:47 (2043 turns).

Lavandula the Slicer (Halfling Enchanter)           Turns: 2043, Time: 00:10:49

Health: -22/36     AC:  3    Str:  9    XL:     7   Next: 47%
Magic:  2/9        EV: 15    Int: 15    God:    Hepliaklqana [*.....]
Gold:   159        SH:  0    Dex: 15    Spells: 3/9 levels left

rFire    . . .     SeeInvis .   i - +2 dagger (drain)
rCold    . . .     Gourm    .   (shield restricted)
rNeg     . . .     Faith    .   b - +0 robe
rPois    .         Spirit   .   (no helmet)
rElec    .         Reflect  .   c - +0 cloak
rCorr    .         Harm     .   (no gloves)
MR       .....                  (no boots)
Stlth    ++........             h - amulet of magic regeneration
HPRegen  0.12/turn              (no ring)
MPRegen  0.36/turn              (no ring)

@: very slightly contaminated
A: small, reduced essence, blink, mutation resistance 1
a: Blink, Recall Ancestor, Ancestor Identity, Renounce Religion


You were on level 5 of the Dungeon.
You worshipped Hepliaklqana.
Hepliaklqana was aware of your devotion.
You were near starving.

You visited 1 branch of the dungeon, and saw 6 of its levels.
You also visited: Sewer.

You collected 159 gold pieces.

Inventory:

Hand Weapons
 i - a +2 dagger of draining (weapon)
Missiles
 m - 18 sling bullets
Armour
 b - a +0 robe (worn)
 c - a +0 cloak (worn)
Jewellery
 h - an amulet of magic regeneration (around neck)
 k - an uncursed amulet of guardian spirit
Scrolls
 l - a scroll of amnesia
 n - 2 scrolls of immolation
 q - 3 scrolls of blinking
Potions
 a - a potion of ambrosia {unknown}
 e - a potion of resistance {unknown}
 f - 2 potions of agility {unknown}
 g - 3 potions of lignification
 j - a potion of mutation
 o - a potion of brilliance {unknown}
 p - a potion of berserk rage {unknown}
 r - a potion of flight {unknown}
 s - a potion of invisibility {unknown}
Comestibles
 d - 7 rations


   Skills:
 - Level 9.0 Short Blades
 - Level 2.1 Dodging
 - Level 3.2 Stealth
 - Level 1.5 Spellcasting
 - Level 2.4 Hexes


You had 3 spell levels left.
You knew the following spells:

 Your Spells              Type           Power        Failure   Level  Hunger
a - Corona                Hex            #......      9%          1    ##.....
b - Ensorcelled Hibernat  Hex/Ice        #.....       22%         2    ###....
c - Dazzling Spray        Conj/Hex       #.....       38%         3    ####...

Your spell library contained the following spells:

 Spells                   Type           Power        Failure   Level  Hunger
 Confuse                  Hex            #.......     26%         3    ####...
 Tukima's Dance           Hex            #.......     26%         3    ####...


Dungeon Overview and Level Annotations

Branches:
Dungeon (6/15)
 Temple: D:4-7

Altars:
Hepliaklqana
Okawaru
Qazlal
Uskayaw


Innate Abilities, Weirdness & Mutations

You are small and have problems with some larger weapons.
You are somewhat resistant to further mutation.
Your life essence is reduced to manifest your ancestor. (-10% HP)
You can translocate small distances at will.


Message History

Casting: Ensorcelled Hibernation (safe; 22% risk of failure)
Confirm with . or Enter, or press ? or * to list all spells.
Aiming: Corona (safe; 9% risk of failure)
Press: ? - help, Shift-Dir - straight line, f/p - two-headed ogre
Aim: a two-headed ogre, wielding a +0 giant club and a +0 giant spiked club The two-headed ogre resists with some effort.
The two-headed ogre is no longer blind.
You hit the two-headed ogre.
The two-headed ogre is severely wounded.
The two-headed ogre hits you with a +0 giant club.
The two-headed ogre closely misses you.
You closely miss the two-headed ogre.
The two-headed ogre is severely wounded.
You hit the two-headed ogre but do no damage.
The two-headed ogre is severely wounded.
The two-headed ogre hits you with a +0 giant club!
* * * LOW HITPOINT WARNING * * *
The two-headed ogre hits you with a +0 giant spiked club!!
Ouch! That really hurt!
You die...

#.............#
#.........<...#
#...).........#
#...>.........#
##.####..(..###
######.....##
#.........#
#.........#
#.....@...#
#.....O...# ..
#.........+ .#
####.##....## ..#
##.##.##....# ...#
#.....#.....##...##
#.....'............
#.....#..........##
##....##....##...#


You could see a two-headed ogre.

Vanquished Creatures
  Sigmund (D:2)
  Purgy (Sewer)
  A bullfrog (D:6)
  Natasha (twice) (D:3)
  2 worker ants
  2 adders
  A gnoll (D:5)
  3 worms
  A dart slug (D:2)
  A leopard gecko (D:6)
  An orc (D:6)
  7 bats
  2 giant cockroaches
  8 goblins
  3 hobgoblins (D:2)
  9 kobolds
  2 quokkas (D:2)
  A ball python (D:2)
  5 frilled lizards
  A rat (D:3)
54 creatures vanquished.

Vanquished Creatures (collateral kills)
  A hound (D:6)
  A bat (Sewer)
  A hobgoblin (D:3)
3 creatures vanquished.

Vanquished Creatures (others)
  An ancestor (D:5)
1 creature vanquished.

Grand Total: 58 creatures vanquished

Notes
Turn   | Place    | Note
-------+----------+-------------------------------------------
     0 | D:1      | Lavandula the Halfling Enchanter began the quest for the
                  | Orb.
     0 | D:1      | Reached XP level 1. HP: 11/11 MP: 3/3
    77 | D:2      | Noticed Sigmund
   176 | D:1      | Reached skill level 2 in Short Blades
   180 | D:1      | Reached XP level 2. HP: 14/17 MP: 0/4
   277 | D:2      | Learned a level 2 spell: Ensorcelled Hibernation
   298 | D:2      | Reached skill level 3 in Short Blades
   319 | D:3      | Noticed Natasha
   503 | D:2      | Reached XP level 3. HP: 7/21 MP: 2/5
   861 | D:2      | Reached skill level 4 in Short Blades
   959 | D:2      | Killed Sigmund
   959 | D:2      | Reached skill level 6 in Short Blades
   959 | D:2      | Reached XP level 4. HP: 27/27 MP: 3/6
   959 | D:2      | Reached XP level 5. HP: 31/31 MP: 3/7
   959 | D:2      | Reached XP level 6. HP: 36/36 MP: 3/8
  1006 | D:3      | Found a hazy altar of Hepliaklqana.
  1015 | D:4      | Gained mutation: You can translocate small distances at
                  | will. [potion of mutation]
  1019 | D:3      | Found a hide-covered altar of Uskayaw.
  1022 | D:3      | Noticed a +0 hand axe
  1022 | D:3      | Noticed a +0 dagger
  1025 | D:3      | Became a worshipper of Hepliaklqana the Forgotten
  1085 | D:3      | Killed Natasha
  1085 | D:3      | Reached skill level 7 in Short Blades
  1090 | D:3      | Learned a level 3 spell: Dazzling Spray
  1178 | D:3      | Noticed Natasha
  1184 | D:3      | Killed Natasha
  1406 | D:4      | Found a stormy altar of Qazlal.
  1422 | D:4      | Found an iron altar of Okawaru.
  1441 | D:4      | Found a glowing drain.
  1458 | Sewer    | Entered a sewer
  1461 | Sewer    | Reached * piety under Hepliaklqana
  1485 | Sewer    | Noticed Purgy
  1504 | Sewer    | Killed Purgy
  1504 | Sewer    | Reached skill level 8 in Short Blades
  1543 | Sewer    | Reached XP level 7. HP: 13/36 MP: 9/9
  1724 | D:5      | Entered Level 5 of the Dungeon
  1826 | D:5      | Noticed a two-headed ogre
  1827 | D:5      | Reached skill level 9 in Short Blades
  1837 | D:5      | HP: 1/36 [two-headed ogre/+0 giant club (35)]
  2043 | D:5      | Annihilated by a two-headed ogre

Vault maps used:
D:1:      psy_arrival_terrarium, serial_bayou_lake_a
D:2:      serial_bayou, serial_bayou_shore_b, serial_bayou_pond_d,
          serial_bayou_pond_e, serial_bayou_shore_b, minmay_octomino_e4,
          uniq_sigmund
D:3:      overflow_temple_1_default, dancing_weapons_uskayaw, uniq_natasha
D:4:      overflow_temple_1_default, lemuel_round_altar,
          kennysheep_vampire_church, cheibrodos_sewer_entry_bend
D:5:      first_ration
D:6:      grunt_temple_overflow_holy_war, uniq_grinder
Sewer:    kennysheep_door_sewer

Skill      XL: |  1  2  3  4  5  6  7 |
---------------+----------------------+-----
Short Blades   | 2 3 6 8 9 |  9.0
Dodging        | |  2.1
Stealth        | |  3.2
Spellcasting   | |  1.5
Hexes          | |  2.4

Action                   |  1- 3 |  4- 6 |  7- 9 || total
-------------------------+-------+-------+-------++-------
Melee: Dagger            |    85 |    31 |    24 ||   140
 Cast: Corona            |    13 |       |     1 ||    14
       Ensorcelled Hiber |     4 |    10 |     6 ||    20
       Dazzling Spray    |       |     2 |     2 ||     4
Invok: Recall Ancestor   |       |     1 |     2 ||     3
  Use: Scroll            |       |     4 |     1 ||     5
       Potion            |       |     2 |       ||     2
 Stab: Sleeping          |     5 |     6 |     5 ||    16
       Invisible         |       |     2 |       ||     2
  Eat: Chunk             |       |     4 |     1 ||     5
Armor: Robe              |    13 |    10 |     1 ||    24
       Skin              |       |     2 |       ||     2
Dodge: Dodged            |    51 |    31 |    14 ||    96

Table legend:
 A = Non-vault XP
 B = Vault XP
 C = Vault XP percentage of total XP
 D = Non-vault monster count
 E = Vault monster count
 F = Vault count percentage of total count
                 A         B        C        D         E       F
            +---------+---------+-------+---------+---------+-------
      Total |     339 |     414 |  55.0 |      45 |      12 |  21.1
            +---------+---------+-------+---------+---------+-------
        D:1 |       9 |       0 |   0.0 |       5 |       0 |   0.0
        D:2 |      44 |     231 |  84.0 |      20 |       4 |  16.7
        D:3 |      56 |      35 |  38.5 |      12 |       1 |   7.7
        D:4 |       0 |       5 | 100.0 |       0 |       1 | 100.0
        D:5 |      50 |       0 |   0.0 |       2 |       0 |   0.0
        D:6 |     180 |       0 |   0.0 |       6 |       0 |   0.0
      Sewer |       0 |     143 | 100.0 |       0 |       6 | 100.0
            +---------+---------+-------+---------+---------+-------
